 Dungeon Crawl Stone Soup version 0.31-a0-255-g9c3d1c461a (webtiles) character file.

Game seed: 4691135854862800854

58 qw the Shooter (level 3, 0/29 HPs)
             Began as a Minotaur Hexslinger on July 12, 2023.
             Was an Initiate of Okawaru.
             Slain by Sigmund
             ... wielding a +0 scythe
              (1 damage)
             ... on level 2 of the Dungeon.
             The game lasted 00:00:31 (975 turns).

qw the Shooter (Minotaur Hexslinger)                 Turns: 975, Time: 00:00:31

Health: 0/29       AC:  3    Str: 12    XL:     3   Next: 75%
Magic:  3/3        EV: 12    Int: 10    God:    Okawaru [......]
Gold:   34         SH:  5    Dex: 14    Spells: 3/4 levels left

rFire   . . .        Y - +1 sling
rCold   . . .        (no shield)
rNeg    . . .        g - +0 leather armour
rPois   .            (helmet restricted)
rElec   .            (no cloak)
rCorr   .            (no gloves)
SInv    .            (no boots)
Will    .....        f - amulet of reflection
Stlth   ++           (no ring)
HPRegen 0.24/turn    (no ring)
MPRegen 0.08/turn

%: reflection
@: no status effects
A: horns 2, retaliatory headbutt, camouflage 1, sturdy frame 1
a: Renounce Religion


You were on level 2 of the Dungeon.
You worshipped Okawaru.
Okawaru was noncommittal.
You visited 1 branch of the dungeon, and saw 2 of its levels.

You collected 34 gold pieces.


Innate Abilities, Weirdness & Mutations

You have a pair of horns on your head.
You reflexively headbutt those who attack you in melee.
Your skin changes colour to match your surroundings (Stealth+).
Your movements are slightly less encumbered by armour. (ER -2)


   Skills:
 - Level 2.0 Fighting
 + Level 4.3 Ranged Weapons
 - Level 2.1 Dodging
 - Level 1.0 Spellcasting
 - Level 2.0 Hexes


You had 3 spell levels left.
You knew the following spells:

 Your Spells              Type           Power      Damage    Failure   Level
a - Slow                  Hex            16%        N/A       16%         1

Your spell library contained the following spells:

 Spells                   Type           Power      Damage    Failure   Level
 Inner Flame              Hex/Fire       2%         N/A       56%         3
 Portal Projectile        Hex/Tloc       4%         N/A       56%         3
 Cause Fear               Hex            2%         N/A       83%         4

Inventory:

Hand Weapons
 Y - a +1 sling (weapon)
Armour
 g - a +0 leather armour (worn)
Jewellery
 f - an amulet of reflection (around neck)
Scrolls
 a - 2 scrolls of teleportation
Potions
 b - a potion of brilliance {unknown}
 c - a potion of attraction {unknown}
 e - a potion of mutation
 i - a potion of curing

Dungeon Overview and Level Annotations

Branches:
Dungeon (2/15)

Altars:
Okawaru

Annotations:
D:2 Sigmund


Message History

Enter note:
Enter note: You shoot a sling bullet.
The goblin shouts!
The sling bullet hits the goblin!
You kill the goblin!
Okawaru accepts your kill.
Sigmund the Dreaded comes into view.
He is wielding a +0 scythe.
Enter note:
Enter note: You shoot a sling bullet.
Sigmund shouts!
The sling bullet hits Sigmund.
Sigmund is lightly wounded.
Sigmund gestures wildly while chanting.
Sigmund flickers and vanishes!
Deactivating autopickup; reactivate with Ctrl-A.
You shoot a sling bullet. You shoot a sling bullet.
A bat comes into view.
The bat moves out of view.
You shoot a sling bullet. You shoot a sling bullet. You shoot a sling bullet.
Something hits you.
You shoot a sling bullet.
You hear some strange, mumbled words.
A puff of flame appears from out of thin air!
The puff of flame hits you!
You shoot a sling bullet. Something hits you.
You shoot a sling bullet.
You hear some strange, mumbled words.
A puff of flame appears from out of thin air!
The puff of flame hits you!
You shoot a sling bullet. Something completely misses you.
You shoot a sling bullet. Something hits you.
You die...

#.# #.# #.# #.#
#####.##### .........
#.##..###.#. #
######.#.@.{.)..# #.
#..##.%....###.#.
##.#####..#..#......#
.....#..%.......###.#
#...###...>..# ...
#.#.# #...##.# ###
#...###..###...
#.#.....## ###.#
####.###..## ...


There were no monsters in sight!

Vanquished Creatures
  2 adders (D:2)
  A worm (D:2)
  A dart slug (D:1)
  5 endoplasms
  A giant cockroach (D:1)
  2 goblins
  3 hobgoblins
  2 quokkas
  5 ball pythons
  5 bats
  2 frilled lizards (D:1)
  2 kobolds (D:1)
  5 rats
36 creatures vanquished.

Notes
Turn   | Place    | Note
-------+----------+-------------------------------------------
     0 | D:1      | qw the Minotaur Hexslinger began the quest for the Orb.
     0 | D:1      | Reached XP level 1. HP: 16/16 MP: 1/1
     0 | D:1      | 0 ||| qw: Version: 0.3-a-52-g30416fa
     0 | D:1      | 0 ||| qw: Game counter: 6667
     0 | D:1      | 0 ||| qw: Melee chars always use a shield: true
     0 | D:1      | 0 ||| qw: God list: Okawaru
     0 | D:1      | 0 ||| qw: Allow faded altars: false
     0 | D:1      | 0 ||| qw: Do Orc after clearing Dungeon:15 true
     0 | D:1      | 0 ||| qw: Do second Lair branch before Depths: true
     0 | D:1      | 0 ||| qw: Lair rune preference: random
     0 | D:1      | 0 ||| qw: Goals: Normal
     0 | D:1      | 0 ||| PLANNING D:1-11
   262 | D:1      | Reached skill level 3 in Ranged Weapons
   262 | D:1      | Reached XP level 2. HP: 8/23 MP: 2/2
   264 | D:1      | HP: 5/23 [frilled lizard (1)]
   768 | D:1      | 768 ||| UPGRADING to +0 leather armour.
   778 | D:1      | 778 ||| DROPPING +0 robe.
   779 | D:1      | 779 ||| UPGRADING to amulet of reflection.
   784 | D:1      | 784 ||| READING 2 scrolls labelled LYORHA NELUS.
   787 | D:1      | 787 ||| DRINKING 2 bubbling inky potions.
   787 | D:1      | Gained mutation: Your skin changes colour to match your
                  | surroundings (Stealth+). [potion of mutation]
   787 | D:1      | Gained mutation: Your movements are slightly less
                  | encumbered by armour. (ER -2) [potion of mutation]
   788 | D:1      | 788 ||| DRINKING 2 fuming green potions.
   798 | D:1      | 798 ||| DRINKING 2 fizzy puce potions.
   799 | D:1      | 799 ||| DROPPING scroll of poison.
   800 | D:1      | 800 ||| DROPPING potion of ambrosia.
   821 | D:2      | Reached XP level 3. HP: 29/29 MP: 3/3
   848 | D:2      | Found an iron altar of Okawaru.
   849 | D:2      | 849 ||| PLANNING OKAWARU WORSHIP
   854 | D:2      | Became a worshipper of Warmaster Okawaru
   855 | D:2      | 855 ||| PLANNING D:1-11
   946 | D:2      | Reached skill level 4 in Ranged Weapons
   964 | D:2      | Noticed Sigmund
   973 | D:2      | HP: 1/29 [something/puff of flame (9)]
   975 | D:2      | Slain by Sigmund

Levels and vault maps discovered:
D:1:      dpeg_arrival_triangle_fractal, layout_loops_ring,
          hangedman_decor_points
D:2:      minmay_angry_zag, layout_loops_ring, basic_altar,
          shapermc_ecumenical_altar_hornbeckon, uniq_sigmund

Skill      XL: |  1  2  3 |
---------------+----------+-----
Ranged Weapons | 3 4 |  4.3
Fighting       | 2 |  2.0
Dodging        | |  2.1
Spellcasting   | |  1.0
Hexes          | |  2.0

Action                     || total
---------------------------++-------
   Fire: Sling             ||   133
    Use: Potion            ||     3
         Scroll            ||     1
 Armour: Robe              ||    12
         Leather armour    ||     3
  Dodge: Dodged            ||    33
  Block: Other             ||     5

Table legend:
 A = Non-vault XP
 B = Vault XP
 C = Vault XP percentage of total XP
 D = Non-vault monster count
 E = Vault monster count
 F = Vault count percentage of total count
                 A         B        C        D         E       F
            +---------+---------+-------+---------+---------+-------
      Total |      83 |       0 |   0.0 |      36 |       0 |   0.0
            +---------+---------+-------+---------+---------+-------
        D:1 |      37 |       0 |   0.0 |      24 |       0 |   0.0
        D:2 |      46 |       0 |   0.0 |      12 |       0 |   0.0
            +---------+---------+-------+---------+---------+-------
